[Event "Titled Tuesday Blitz May 30 Late 2023"]
[White "Xiong, Jeffery"]
[Black "Sarana, Alexey"]
[WhiteFideId "2047640"]
[BlackFideId "24133795"]
[WhiteElo "2726"]
[BlackElo "2714"]
[Result "1/2-1/2"]
[Round "11"]
[TimeControl "180+2"]
[Date "2023.05.31"]
[WhiteClock "0:00:12"]
[BlackClock "0:00:01"]

1. e4 c5 2. Nc3 d6 3. d4 cxd4 4. Qxd4 Nf6 5. Nf3 Nc6 6. Qd3 Bg4 7. Be2 e6 8. Bf4 Qb6 9. O-O-O Rd8 10. Be3 Qa5 11. Nd4 Bxe2 12. Qxe2 Be7 13. f4 O-O 14. Nb3 Qc7 15. g4 Nd7 16. g5 a6 17. h4 Nc5 18. h5 Nxb3+ 19. axb3 Qa5 20. Kb1 Nb4 21. g6 h6 22. gxf7+ Rxf7 23. Qg4 Rc8 24. Bd4 Bf6 25. Qxe6 Rxc3 26. Bxc3 Bxc3 27. Qc8+ Kh7 28. Qxc3 Rc7 29. Rh2 Rxc3 30. bxc3 Nc6 31. Kb2 Qc7 32. Rhd2 Qe7 33. Rxd6 Qxe4 34. Rg6 Qe7 35. f5 a5 36. Rf1 Ne5 37. Re6 Qc5 38. f6 gxf6 39. Rfxf6 a4 40. Rxh6+ Kg7 41. bxa4 Nc4+ 42. Kb3 Na5+ 43. Kb2 Nc4+ 44. Kb3 Na5+ 45. Kb2 Qf2 46. Rhg6+ Kh7 47. Ref6 Qe3 48. Rf7+ Kh8 49. Rc7 Qf4 50. Rgg7 Nc4+ 51. Kb3 Na5+ 52. Ka3 Nc4+ 53. Kb3 Nd2+ 54. Kb2 Qxa4 55. Rh7+ Kg8 56. Rhg7+ Kf8 57. Rgf7+ Ke8 58. Rfe7+ Kf8 59. Rf7+ Kg8 60. Rg7+ Kf8 61. Rcf7+ Ke8 62. Re7+ Kd8 63. Rd7+ Qxd7 64. Rxd7+ Kxd7 65. h6 Nc4+ 66. Kb3 Ne5 67. h7 Nf7 68. Kb4 Kc6 69. c4 b6 70. Kb3 Kc5 71. Kc3 Nh8 72. Kb3 Ng6 73. Kc3 Nh8 74. Kd3 Nf7 75. Kc3 Kd6 76. Kd4 Kc6 77. Kd3 Kc7 78. Ke3 Kd6 79. Kd4 Kc6 80. Kd3 Kd6 81. Kd4 1/2-1/2


[Site "https://www.chess.com"]

[Event "Titled Tuesday Blitz May 30 Late 2023"]
[White "Pranav, V"]
[Black "Kamsky, Gata"]
[WhiteFideId "25060783"]
[BlackFideId "2000024"]
[WhiteElo "2515"]
[BlackElo "2660"]
[Result "1-0"]
[Round "11"]
[TimeControl "180+2"]
[Date "2023.05.31"]
[WhiteClock "0:00:04"]
[BlackClock "0:00:02"]

1. e4 e5 2. Nf3 Nc6 3. Bb5 a6 4. Ba4 Nf6 5. O-O Be7 6. d3 b5 7. Bb3 d6 8. c3 O-O 9. a4 Bb7 10. Nbd2 Na5 11. Bc2 c5 12. Re1 Re8 13. Nf1 h6 14. Ng3 Bf8 15. Nf5 c4 16. h3 d5 17. axb5 axb5 18. exd5 Qxd5 19. dxc4 Nxc4 20. Rxa8 Bxa8 21. b3 Nb6 22. Qe2 e4 23. N3d4 Qc5 24. Bd2 g6 25. Nxh6+ Bxh6 26. Bxh6 Nbd5 27. Nxb5 Bc6 28. c4 Bxb5 29. cxb5 e3 30. fxe3 Kh7 31. Bg5 Nc3 32. Qd3 Qxg5 33. Qxc3 Nd5 34. Qd2 Nxe3 35. b6 Qc5 36. Qf2 1-0


[Site "https://www.chess.com"]

[Event "Titled Tuesday Blitz May 30 Late 2023"]
[White "Ibarra Jerez, Jose Carlos"]
[Black "Hakobyan, Aram"]
[WhiteFideId "2226332"]
[BlackFideId "13306677"]
[WhiteElo "2638"]
[BlackElo "2584"]
[Result "0-1"]
[Round "11"]
[TimeControl "180+2"]
[Date "2023.05.31"]
[WhiteClock "0:01:37"]
[BlackClock "0:01:42"]

1. e4 e5 2. Nf3 Nc6 3. Bb5 a6 4. Bxc6 dxc6 5. O-O f6 6. d4 Bg4 7. c3 Bd6 8. h3 Bh5 9. Nbd2 Bf7 10. Qe2 Ne7 11. Nc4 Ng6 12. dxe5 fxe5 13. Ng5 Qf6 14. Nxf7 Qxf7 15. Be3 O-O 16. g3 Qe6 17. Kg2 Be7 18. b3 a5 19. Qg4 Qxg4 20. hxg4 b5 21. Nd2 a4 22. b4 Rad8 23. Rfc1 Rd3 24. Rab1 Nf4+ 25. Kh2 Ne2 26. Rc2 Rxc3 27. Rxc3 Nxc3 28. Rb2 Nd1 29. Rc2 Nxe3 30. fxe3 Bxb4 31. Kg2 Bxd2 32. Rxd2 b4 0-1


[Site "https://www.chess.com"]

[Event "Titled Tuesday Blitz May 30 Late 2023"]
[White "Durarbayli, Vasif"]
[Black "Makarian, Rudik"]
[WhiteFideId "13402935"]
[BlackFideId "44105681"]
[WhiteElo "2551"]
[BlackElo "2461"]
[Result "1-0"]
[Round "11"]
[TimeControl "180+2"]
[Date "2023.05.31"]
[WhiteClock "0:00:08"]
[BlackClock "0:00:03"]

1. e4 c5 2. Nf3 Nc6 3. d4 cxd4 4. Nxd4 e6 5. Nc3 a6 6. g3 Qc7 7. Bg2 Nf6 8. O-O Nxd4 9. Qxd4 Bc5 10. Qd3 Ng4 11. Qe2 h5 12. Bf4 Ne5 13. Kh1 d6 14. h3 b5 15. a4 b4 16. Na2 a5 17. c4 Bb7 18. Rad1 O-O-O 19. Nc1 Bc6 20. b3 f6 21. Nd3 Nxd3 22. Rxd3 g5 23. Be3 g4 24. Bxc5 dxc5 25. Rxd8+ Qxd8 26. Rd1 Qc7 27. Kg1 Qe5 28. hxg4 h4 29. f4 Qc3 30. Rd3 Qc1+ 31. Qd1 Qxd1+ 32. Rxd1 hxg3 33. Rd3 Rd8 34. Rxd8+ Kxd8 35. e5 fxe5 36. Bxc6 exf4 37. Kf1 Ke7 38. Ke2 Kf6 39. Kd3 Kg5 40. Bf3 g2 41. Bxg2 Kxg4 42. Ke4 Kg3 43. Bf3 Kf2 44. Kxf4 Ke1 45. Ke3 e5 46. Bg4 e4 47. Bh5 Kf1 48. Bd1 Ke1 49. Bc2 Kf1 50. Bxe4 Ke1 51. Bc2 Kf1 52. Bd1 Ke1 53. Bh5 Kf1 54. Ke4 Ke1 55. Kd5 Kd2 56. Kxc5 Kc2 57. Kb5 Kxb3 58. c5 Ka3 59. Bf7 Kb2 60. c6 Ka3 61. c7 Kb2 62. c8=Q b3 63. Bxb3 Ka3 64. Bg8 Kb2 65. Kxa5 1-0


[Site "https://www.chess.com"]

[Event "Titled Tuesday Blitz May 30 Late 2023"]
[White "Thomforde-Toates, Noah"]
[Black "Rustemov, Alexander"]
[WhiteFideId "30951992"]
[BlackFideId "4119002"]
[WhiteElo "2768"]
[BlackElo "2888"]
[Result "0-1"]
[Round "11"]
[TimeControl "180+2"]
[Date "2023.05.31"]
[WhiteClock "0:00:25"]
[BlackClock "0:00:15"]

1. e4 e6 2. d4 d5 3. Nd2 dxe4 4. Nxe4 Bd7 5. Nf3 Bc6 6. Bd3 Nd7 7. O-O Ngf6 8. Qe2 Nxe4 9. Bxe4 Bxe4 10. Qxe4 c6 11. c4 Be7 12. b3 O-O 13. Bb2 Re8 14. Rad1 Qa5 15. Qc2 Rad8 16. Bc3 Qh5 17. Rfe1 Bf6 18. h3 h6 19. Kh2 Nf8 20. Ne5 Bxe5+ 21. Rxe5 Qg6 22. Qe2 Qf6 23. Re1 Ng6 24. Re4 Qf5 25. Bb2 Rd7 26. Re3 Red8 27. Rf3 Qg5 28. Rg3 Qf4 29. Kg1 c5 30. Rg4 Qf5 31. Rd1 h5 32. Re4 cxd4 33. Rexd4 Rxd4 34. Rxd4 Rxd4 35. Bxd4 a6 36. Be3 h4 37. Qd2 Qe4 38. Qd7 f6 39. Qc8+ Kh7 40. Qc5 e5 41. Qd5 Qxd5 42. cxd5 Nf8 43. Bc5 Nd7 44. Be7 Kg6 45. Kf1 Kf7 46. Bd8 Ke8 47. Bc7 Nf8 48. Ke2 Kd7 49. Ba5 Ng6 50. g3 Kd6 51. Bb4+ Kxd5 52. Kd3 hxg3 53. fxg3 f5 54. h4 Nh8 55. Bf8 g6 56. Ba3 Nf7 57. Bb2 Nd6 58. Ke3 Ne4 59. Kf3 Nc5 60. g4 Ke6 61. h5 fxg4+ 62. Kxg4 gxh5+ 63. Kxh5 Kf5 64. Kh4 Kf4 65. Kh3 Nd3 66. Bc3 Kf3 67. Kh2 e4 68. Kg1 e3 69. a4 e2 70. b4 e1=Q+ 71. Bxe1 Nxe1 72. b5 axb5 73. axb5 Ke3 74. Kf1 Nd3 75. b6 Nb4 76. Ke1 Nd5 77. Kd1 Kd3 78. Kc1 Kc3 79. Kb1 Nxb6 80. Ka2 Nc4 81. Ka1 b5 82. Ka2 b4 83. Kb1 b3 84. Ka1 b2+ 85. Ka2 Nd2 86. Ka3 b1=Q 87. Ka4 Qb6 88. Ka3 Qa6# 0-1


[Site "https://www.chess.com"]

[Event "Titled Tuesday Blitz May 30 Late 2023"]
[White "Maksimovic, Bojan"]
[Black "Kushko, Dmitriy"]
[WhiteFideId "14408120"]
[BlackFideId "14162261"]
[WhiteElo "2468"]
[BlackElo "2230"]
[Result "1-0"]
[Round "11"]
[TimeControl "180+2"]
[Date "2023.05.31"]
[WhiteClock "0:00:26"]
[BlackClock "0:00:02"]

1. Nf3 g6 2. g3 Bg7 3. Bg2 Nf6 4. O-O O-O 5. d3 d6 6. Nbd2 e5 7. e4 Nc6 8. c3 a5 9. b3 d5 10. Qc2 h6 11. a3 Be6 12. Bb2 dxe4 13. dxe4 Nd7 14. Rfd1 Qe7 15. b4 Nb6 16. Nb3 Nc4 17. Nc5 Bc8 18. Bf1 Nxb2 19. Qxb2 b6 20. Nb3 Bg4 21. Nbd2 Rfd8 22. h3 Be6 23. Kg2 Qd7 24. Bb5 Bxh3+ 25. Kh2 Bg4 26. Nf1 Qe6 27. Be2 Qf6 28. Kg2 Ne7 29. Ne3 Be6 30. Bc4 Bxc4 31. Nxc4 Qe6 32. Ne3 h5 33. c4 axb4 34. axb4 c6 35. Rxa8 Rxa8 36. c5 bxc5 37. bxc5 f6 38. Qb7 Re8 39. Rd6 Qc8 40. Qb3+ Kf8 41. Nh4 Qb8 42. Qa2 Qa8 43. Qc4 Qc8 44. Qa2 Rd8 45. Nc4 Re8 46. Nb6 Qb7 47. Nd7+ 1-0


[Site "https://www.chess.com"]

[Event "Titled Tuesday Blitz May 30 Late 2023"]
[White "Martic, Ivan"]
[Black "Halkias, Stelios"]
[WhiteFideId "929301"]
[BlackFideId "4201809"]
[WhiteElo "2360"]
[BlackElo "2451"]
[Result "0-1"]
[Round "11"]
[TimeControl "180+2"]
[Date "2023.05.31"]
[WhiteClock "0:00:03"]
[BlackClock "0:00:03"]

1. e4 e5 2. Nf3 d6 3. d4 exd4 4. Nxd4 Nf6 5. Nc3 Be7 6. Bf4 O-O 7. Qd2 Re8 8. O-O-O c6 9. f3 b5 10. g4 b4 11. Nce2 c5 12. Nf5 Bxf5 13. gxf5 Qa5 14. Kb1 Nc6 15. Rg1 Kh8 16. Nc1 Rad8 17. Bc4 d5 18. exd5 Nd4 19. Qg2 Rg8 20. d6 Bxd6 21. Bxd6 Rxd6 22. Bxf7 Qd8 23. Bxg8 Qxg8 24. Ne2 Ra6 25. Nxd4 cxd4 26. Rxd4 Qxa2+ 27. Kc1 Qf7 28. Rd8+ Ng8 29. Kd2 Qc7 30. Rd4 Rc6 31. Kc1 b3 32. Rd2 Ra6 33. Kb1 Qf7 34. f6 Rxf6 35. cxb3 Rg6 36. Qf2 Qf5+ 37. Rc2 Rxg1+ 38. Qxg1 Qxf3 39. Qxa7 Qd1+ 40. Rc1 Qxb3 41. Qd4 h6 42. Rc7 Nf6 43. Qd8+ Ng8 44. Qd4 Nf6 45. Rc3 Qe6 46. Qd3 Kg8 47. Rc2 Qe1+ 48. Ka2 Qa5+ 49. Qa3 Qf5 50. Qb3+ Kh7 51. Rc3 Ne4 0-1


[Site "https://www.chess.com"]

[Event "Titled Tuesday Blitz May 30 Late 2023"]
[White "Bortnyk, Olexandr"]
[Black "Korchmar, Vasiliy"]
[WhiteFideId "14120828"]
[BlackFideId "24131750"]
[WhiteElo "2734"]
[BlackElo "2370"]
[Result "1-0"]
[Round "11"]
[TimeControl "180+2"]
[Date "2023.05.31"]
[WhiteClock "0:01:30"]
[BlackClock "0:00:25"]

1. d4 d5 2. Nc3 Nf6 3. Bf4 a6 4. e3 b5 5. a3 Bb7 6. b4 e6 7. Nf3 Be7 8. Bd3 Nbd7 9. Ne5 Ne4 10. Bxe4 dxe4 11. Qg4 Bf6 12. h4 a5 13. Nxb5 Bxe5 14. Bxe5 Nxe5 15. dxe5 Ba6 16. Qxg7 Rf8 17. Rd1 Qe7 18. Nc3 axb4 19. Nxe4 f5 20. Nf6+ Rxf6 21. exf6 1-0


[Site "https://www.chess.com"]

[Event "Titled Tuesday Blitz May 30 Late 2023"]
[White "Eugene, Floryan"]
[Black "Kramnik, Vladimir"]
[WhiteFideId "20694784"]
[BlackFideId "4101588"]
[WhiteElo "2369"]
[BlackElo "2703"]
[Result "0-1"]
[Round "11"]
[TimeControl "180+2"]
[Date "2023.05.31"]
[WhiteClock "0:00:04"]
[BlackClock "0:00:02"]

1. b3 e5 2. Bb2 Nc6 3. e3 Nf6 4. c4 d5 5. cxd5 Nxd5 6. d3 Be6 7. a3 Qd7 8. Nf3 f6 9. Nbd2 g5 10. Be2 g4 11. Nh4 O-O-O 12. Rc1 Kb8 13. Qc2 f5 14. Nc4 Bg7 15. h3 gxh3 16. gxh3 Rhg8 17. Nf3 e4 18. Nfe5 Bxe5 19. Nxe5 Nxe5 20. Bxe5 exd3 21. Bxd3 Ka8 22. Be2 c6 23. Qc5 f4 24. Bd4 Nb6 25. Qa5 fxe3 26. Bxe3 Nc8 27. b4 Bd5 28. Rf1 Qxh3 29. b5 b6 30. Qa4 c5 31. Rc3 Qe6 32. Qh4 Nd6 33. a4 Nf5 34. Qxh7 Rh8 35. Qc7 Nd4 36. Bxd4 cxd4 37. Rc6 Qe4 38. Kd2 d3 39. Bd1 Qb4+ 40. Rc3 Qb2+ 41. Ke3 Rhe8+ 42. Kf4 Qd2+ 43. Kg3 Qg5+ 44. Bg4 Rg8 45. f3 Bxf3 46. Qf4 Qxg4+ 47. Qxg4 Bxg4 48. Rf4 Be6+ 49. Kf2 d2 50. Rf8 Rgxf8+ 51. Ke2 d1=Q+ 52. Ke3 Qd2+ 53. Ke4 Qd4# 0-1


[Site "https://www.chess.com"]

[Event "Titled Tuesday Blitz May 30 Late 2023"]
[White "Lazavik, Denis"]
[Black "Bjelobrk, Igor"]
[WhiteFideId "13515110"]
[BlackFideId "4300726"]
[WhiteElo "2560"]
[BlackElo "2319"]
[Result "1-0"]
[Round "11"]
[TimeControl "180+2"]
[Date "2023.05.31"]
[WhiteClock "0:02:32"]
[BlackClock "0:00:05"]

1. d4 e6 2. c4 b6 3. e4 Bb7 4. Bd3 Bb4+ 5. Kf1 d5 6. Qa4+ Nc6 7. cxd5 exd5 8. Bb5 Qd6 9. e5 Qg6 10. Qxb4 O-O-O 11. Qc3 Nge7 12. Nf3 f6 13. Bf4 Rhf8 14. e6 Qf5 15. Bg3 Qxe6 16. Nbd2 Nf5 17. Re1 Qd7 18. Rc1 Nfe7 19. Ne1 f5 20. Nd3 f4 21. Bxf4 Qf5 22. Bg3 Rf6 23. Nb4 Rd7 24. Nf3 a5 25. Nxc6 Bxc6 26. Ba6+ Kb8 27. Ne5 Rdd6 28. Bd3 Qh5 29. Kg1 Nf5 30. Bxf5 Qxf5 31. h3 Kb7 32. Kh2 Rde6 33. Ng4 Rf8 34. Rhe1 Rg6 35. Ne5 1-0


[Site "https://www.chess.com"]

[Event "Titled Tuesday Blitz May 30 Late 2023"]
[White "Bitoon, Richard"]
[Black "Deac, Bogdan-Daniel"]
[WhiteFideId "5201110"]
[BlackFideId "1226380"]
[WhiteElo "2374"]
[BlackElo "2649"]
[Result "0-1"]
[Round "11"]
[TimeControl "180+2"]
[Date "2023.05.31"]
[WhiteClock "0:00:07"]
[BlackClock "0:00:15"]

1. e4 c6 2. d4 d5 3. Nc3 dxe4 4. Nxe4 Nf6 5. Nxf6+ exf6 6. c3 Bd6 7. Bd3 Na6 8. Qc2 Nc7 9. Ne2 h5 10. Be3 Be6 11. Nf4 Bxf4 12. Bxf4 Nd5 13. Bd2 h4 14. O-O-O b5 15. g3 Nb6 16. Rde1 Kf8 17. Kb1 Qd5 18. b3 a5 19. Be4 Qd7 20. f4 a4 21. f5 axb3 22. axb3 Bd5 23. Kb2 Qd6 24. Ra1 hxg3 25. Rxa8+ Nxa8 26. Ra1 Nc7 27. Bxd5 cxd5 28. hxg3 Qxg3 29. Rd1 Rh2 30. Kc1 Qf3 31. Qa2 Qxf5 32. Qa7 Ne8 33. Qc5+ Kg8 34. Qxb5 Qe6 35. Qb8 Re2 36. b4 g5 37. b5 Kg7 38. b6 Nd6 39. Rh1 Kg6 40. Qg8+ Kf5 41. Rf1+ Kg4 42. Qh7 Rxd2 43. Kxd2 Nc4+ 44. Kd1 Ne3+ 45. Ke2 Nxf1+ 46. Kxf1 Qxb6 47. Qxf7 Qb1+ 48. Ke2 Qc2+ 49. Kf1 Qd1+ 50. Kf2 Qf3+ 51. Kg1 Kg3 52. Qc7+ Qf4 53. Qxf4+ Kxf4 54. Kf2 Ke4 55. Ke2 f5 56. Kd2 f4 57. Ke2 g4 58. Kf2 g3+ 59. Kg2 f3+ 60. Kxg3 Ke3 61. c4 f2 62. cxd5 f1=Q 63. d6 Qf6 64. d7 Qd8 65. Kg4 Ke4 66. d5 Qxd7+ 67. Kg5 Qd6 68. Kg4 Qg6+ 69. Kh3 Kf3 70. Kh4 Qh6# 0-1


[Site "https://www.chess.com"]

[Event "Titled Tuesday Blitz May 30 Late 2023"]
[White "Zhigalko, Sergei"]
[Black "Adewumi, Tanitoluwa"]
[WhiteFideId "13502956"]
[BlackFideId "30966396"]
[WhiteElo "2626"]
[BlackElo "2617"]
[Result "1-0"]
[Round "11"]
[TimeControl "180+2"]
[Date "2023.05.31"]
[WhiteClock "0:00:34"]
[BlackClock "0:00:02"]

1. e4 c5 2. c3 g6 3. d4 cxd4 4. cxd4 Bg7 5. Nc3 d6 6. Be3 Nf6 7. h3 O-O 8. Nf3 a6 9. a4 b6 10. Bd3 Bb7 11. O-O Nc6 12. Qd2 e5 13. Rfd1 Na5 14. Qc2 Nd7 15. d5 Rc8 16. Nd2 Qc7 17. Rac1 Nc5 18. Be2 f5 19. b4 f4 20. Bxc5 bxc5 21. bxa5 Qxa5 22. Rb1 Qc7 23. Nc4 Ba8 24. Rb6 f3 25. Bxf3 Rxf3 26. gxf3 Rf8 27. a5 Qd7 28. Kg2 Bb7 29. Nxd6 Bc8 30. Nxc8 Qxc8 31. d6 Qe6 32. d7 Qf7 1-0


[Site "https://www.chess.com"]

[Event "Titled Tuesday Blitz May 30 Late 2023"]
[White "Sun, Rick"]
[Black "Thorfinnsson, Bragi"]
[WhiteFideId "30909481"]
[BlackFideId "2300958"]
[WhiteElo "2169"]
[BlackElo "2322"]
[Result "1-0"]
[Round "11"]
[TimeControl "180+2"]
[Date "2023.05.31"]
[WhiteClock "0:00:45"]
[BlackClock "0:00:26"]

1. d4 Nf6 2. Nc3 d5 3. Bf4 a6 4. e3 e6 5. Nf3 c5 6. dxc5 Bxc5 7. Bd3 Nc6 8. O-O b5 9. e4 d4 10. e5 dxc3 11. exf6 cxb2 12. Rb1 gxf6 13. Qe2 Bb7 14. Rxb2 Nd4 15. Nxd4 Qxd4 16. Bxb5+ axb5 17. Qxb5+ Kf8 18. Be3 Qxe3 19. fxe3 Bxe3+ 20. Kh1 Bd5 21. c4 Be4 22. Re1 Rd8 23. Qb4+ Kg7 24. Rxe3 1-0


[Site "https://www.chess.com"]

[Event "Titled Tuesday Blitz May 30 Late 2023"]
[White "Mujumdar, Sameer"]
[Black "Lopez Mulet, Inigo"]
[WhiteFideId "2029707"]
[BlackFideId "22235620"]
[WhiteElo "2104"]
[BlackElo "2289"]
[Result "1-0"]
[Round "11"]
[TimeControl "180+2"]
[Date "2023.05.31"]
[WhiteClock "0:00:42"]
[BlackClock "0:00:10"]

1. d4 Nf6 2. Bf4 d5 3. Nf3 c5 4. e3 Nc6 5. c3 e6 6. Nbd2 Bd6 7. Bg3 Nh5 8. Bxd6 Qxd6 9. Bd3 f5 10. Ne5 Nf6 11. f4 Bd7 12. O-O O-O 13. Kh1 Ne4 14. Ndf3 Nxe5 15. Nxe5 a6 16. Bxe4 fxe4 17. dxc5 Qc7 18. Qd4 Bb5 19. Rf2 a5 20. b4 axb4 21. cxb4 Ra3 22. f5 Bc6 23. Nxc6 bxc6 24. Qb2 Rxe3 25. fxe6 Qe7 26. Raf1 Rxf2 27. Qxf2 d4 28. Qd2 Qxe6 29. Qxd4 Rd3 30. Qf2 h6 31. Qe2 e3 32. Qxd3 e2 33. Re1 Qf6 34. Qxe2 1-0


[Site "https://www.chess.com"]

[Event "Titled Tuesday Blitz May 30 Late 2023"]
[White "Gorovets, Andrey"]
[Black "reevecanada"]
[WhiteFideId "13504037"]
[WhiteElo "2459"]
[BlackElo "2519"]
[Result "1-0"]
[Round "11"]
[TimeControl "180+2"]
[Date "2023.05.31"]
[WhiteClock "0:00:19"]
[BlackClock "0:00:43"]

1. Nf3 d5 2. g3 Nf6 3. Bg2 e6 4. O-O Bd6 5. d4 O-O 6. b3 c5 7. dxc5 Bxc5 8. Bb2 Nc6 9. e3 Re8 10. c4 dxc4 11. Qc1 Nb4 12. Qxc4 b6 13. Nc3 Ba6 14. Nb5 Rc8 15. Rfd1 Qe7 16. Qe2 Red8 17. a4 h6 18. Ne5 Nd7 19. Nc4 Nf6 20. Rxd8+ Rxd8 21. Rd1 Rxd1+ 22. Qxd1 Bxb5 23. axb5 Nfd5 24. Qg4 f6 25. Bh3 Nc7 26. Qe4 f5 27. Qb7 Nxb5 28. Qc8+ Kh7 29. e4 g6 30. Qh8# 1-0


[Site "https://www.chess.com"]

[Event "Titled Tuesday Blitz May 30 Late 2023"]
[White "Bernabeu Lopez, Carlos Javier"]
[Black "Rastbod, Ali"]
[WhiteFideId "2235366"]
[BlackFideId "12567477"]
[WhiteElo "2344"]
[BlackElo "2274"]
[Result "0-1"]
[Round "11"]
[TimeControl "180+2"]
[Date "2023.05.31"]
[WhiteClock "0:02:38"]
[BlackClock "0:02:03"]

1. c4 e5 2. Nc3 Nf6 3. Nf3 e4 4. Ng5 c6 5. Ngxe4 Nxe4 6. Nxe4 d5 7. cxd5 cxd5 8. Ng3 h5 9. e3 h4 10. Ne2 Nc6 11. d4 Bd6 12. f3 Qf6 13. Kf2 g5 14. h3 Be6 15. Nc3 a6 16. Bd3 Bg3+ 17. Kg1 Nxd4 18. Ne2 Nxe2+ 19. Qxe2 O-O 20. Bd2 Qxb2 21. Rd1 Qxa2 22. Be1 Qxe2 23. Bxe2 Be5 24. f4 gxf4 25. exf4 Bxf4 26. Bxh4 Be3+ 27. Bf2 d4 28. Bxe3 dxe3 29. Rd3 Bc4 30. Rxe3 Bxe2 31. Rxe2 Rfe8 32. Ra2 b5 33. Kh2 a5 34. Rb1 b4 35. Rb3 Reb8 36. Ra4 Kf8 37. Kg3 Ke7 38. Kf4 Kd6 39. Ke4 Kc5 40. h4 Kb5 41. Ra1 a4 42. Rbb1 b3 43. h5 Kb4 44. h6 a3 45. Rd1 b2 46. Rd4+ Kb3 47. Rad1 Ka2 48. R4d2 Rh8 49. Rh1 Ra6 50. h7 Rg6 51. Rh3 Rg7 52. Rdd3 b1=Q 53. Ke5 Qb5+ 54. Kf6 Qg5# 0-1


[Site "https://www.chess.com"]

[Event "Titled Tuesday Blitz May 30 Late 2023"]
[White "Shuvalov, Evgenij"]
[Black "Kourkoulos-Arditis, Stamatis"]
[WhiteFideId "4187237"]
[BlackFideId "4221990"]
[WhiteElo "2080"]
[BlackElo "2400"]
[Result "0-1"]
[Round "11"]
[TimeControl "180+2"]
[Date "2023.05.31"]
[WhiteClock "0:00:30"]
[BlackClock "0:01:21"]

1. d4 d6 2. Nf3 Nf6 3. c4 Nbd7 4. Nc3 c6 5. e4 e5 6. Be2 Be7 7. O-O O-O 8. Re1 Qc7 9. Bf1 Re8 10. g3 Bf8 11. Bg2 a6 12. h3 b5 13. a3 Bb7 14. Be3 g6 15. Rc1 bxc4 16. dxe5 dxe5 17. Nd2 Nc5 18. Bxc5 Bxc5 19. Nxc4 a5 20. Qf3 Kg7 21. Ne3 Qe7 22. Na4 Bd4 23. Nc2 c5 24. Nb6 Rad8 25. Qb3 Rb8 26. Qa4 Bxe4 27. Bxe4 Rxb6 28. Bg2 Rxb2 29. Nxd4 cxd4 30. Qxa5 e4 31. g4 h6 32. h4 e3 33. fxe3 Rxg2+ 34. Kxg2 Qe4+ 35. Kg1 Qxg4+ 36. Kh2 Qxh4+ 37. Kg2 Qg4+ 38. Kh2 dxe3 39. Qc3 Qh4+ 40. Kg2 Qf2+ 41. Kh1 Re4 0-1


[Site "https://www.chess.com"]

[Event "Titled Tuesday Blitz May 30 Late 2023"]
[White "Mortazavi, Ali"]
[Black "Vlassov, Nikolai"]
[WhiteFideId "401323"]
[BlackFideId "4103360"]
[WhiteElo "2339"]
[BlackElo "2324"]
[Result "1-0"]
[Round "11"]
[TimeControl "180+2"]
[Date "2023.05.31"]
[WhiteClock "0:00:10"]
[BlackClock "0:00:39"]

1. Nf3 c5 2. g3 Nc6 3. Bg2 e5 4. d3 d5 5. O-O f6 6. Nbd2 Be6 7. c3 Qd7 8. a3 g5 9. e4 Nge7 10. b4 d4 11. cxd4 cxd4 12. b5 Na5 13. a4 h5 14. Ba3 h4 15. Bb4 b6 16. Bxa5 bxa5 17. Nc4 Ng6 18. Nxa5 Bh3 19. Qb3 hxg3 20. fxg3 Bxg2 21. Kxg2 Qh3+ 22. Kg1 g4 23. Qe6+ Ne7 24. Nh4 Rxh4 25. gxh4 Qe3+ 26. Kh1 Qxd3 27. Qxf6 Qxe4+ 28. Kg1 O-O-O 29. Ra3 d3 30. Rc3+ Kb8 31. Qd6+ Rxd6 32. Rxf8+ 1-0


[Site "https://www.chess.com"]

[Event "Titled Tuesday Blitz May 30 Late 2023"]
[White "Hajiyev, Kanan"]
[Black "Aldokhin, Ivan"]
[WhiteFideId "13404148"]
[BlackFideId "24115720"]
[WhiteElo "2103"]
[BlackElo "2322"]
[Result "1-0"]
[Round "11"]
[TimeControl "180+2"]
[Date "2023.05.31"]
[WhiteClock "0:00:55"]
[BlackClock "0:00:01"]

1. d4 Nf6 2. Nf3 g6 3. c4 Bg7 4. Nc3 d6 5. g3 O-O 6. Bg2 Nc6 7. O-O Bf5 8. d5 Na5 9. Nd4 Bd7 10. Qd3 c5 11. dxc6 Nxc6 12. b3 Nxd4 13. Qxd4 Bc6 14. Bb2 Ne4 15. Qd3 Nxc3 16. Bxc3 Bxc3 17. Qxc3 Bxg2 18. Kxg2 Qc7 19. h4 b5 20. Rac1 Rfc8 21. Qf3 Rab8 22. h5 Qb7 23. Qxb7 Rxb7 24. cxb5 Rxc1 25. Rxc1 gxh5 26. a4 Kg7 27. Rc6 Kf6 28. Kh3 Kg5 29. e4 f5 30. f4+ Kf6 31. e5+ Ke6 32. Kh4 Kd5 33. exd6 exd6 34. Kxh5 Rd7 35. Kg5 Ke4 36. Rc4+ Ke3 37. Kxf5 d5 38. Rc3+ Kd2 39. Rc6 d4 40. Ke6 Rd8 41. f5 Ke2 42. f6 d3 43. Ke7 Rd4 44. Re6+ 1-0


[Site "https://www.chess.com"]

[Event "Titled Tuesday Blitz May 30 Late 2023"]
[White "Paravyan, David"]
[Black "Estrada Nieto, Julian"]
[WhiteFideId "4194985"]
[BlackFideId "5101018"]
[WhiteElo "2563"]
[BlackElo "2161"]
[Result "1-0"]
[Round "11"]
[TimeControl "180+2"]
[Date "2023.05.31"]
[WhiteClock "0:00:40"]
[BlackClock "0:00:02"]

1. c4 e5 2. g3 Nf6 3. Bg2 d5 4. cxd5 Nxd5 5. Nc3 Nb6 6. Nf3 Nc6 7. O-O Be7 8. b3 O-O 9. Bb2 Re8 10. Rc1 Bf8 11. d4 exd4 12. Nb5 Bg4 13. Nfxd4 Nxd4 14. Nxd4 Bxe2 15. Nxe2 Qxd1 16. Rfxd1 Rxe2 17. Bd4 c6 18. a4 Nd5 19. Bxd5 cxd5 20. Rc7 b6 21. Be3 Bd6 22. Rb7 Bb4 23. Rxd5 h6 24. Rdd7 Rf8 25. Rxa7 Rb2 26. Bxb6 Rxb3 27. a5 Ra3 28. Kg2 Ra2 29. a6 Be1 30. Rd1 Ba5 31. Be3 Re8 32. Kh3 Bc3 33. Rc7 Be5 34. Rc6 Re6 35. Rxe6 fxe6 36. Rd8+ Kf7 37. a7 Bf6 38. a8=Q 1-0


[Site "https://www.chess.com"]

[Event "Titled Tuesday Blitz May 30 Late 2023"]
[White "Bryakin, Mikhail"]
[Black "Gubajdullin, Alexei"]
[WhiteFideId "4165314"]
[BlackFideId "4141202"]
[WhiteElo "2467"]
[BlackElo "2279"]
[Result "0-1"]
[Round "11"]
[TimeControl "180+2"]
[Date "2023.05.31"]
[WhiteClock "0:01:34"]
[BlackClock "0:00:30"]

1. f4 g6 2. Nf3 Bg7 3. d3 c5 4. g3 Nc6 5. Bg2 Nf6 6. O-O O-O 7. e4 d6 8. c3 Bg4 9. h3 Bxf3 10. Qxf3 Nd7 11. Be3 Rc8 12. Nd2 b5 13. Rab1 b4 14. c4 Bd4 15. Kh2 Bxe3 16. Qxe3 Nd4 17. e5 dxe5 18. fxe5 Qc7 19. Nf3 Nxf3+ 20. Qxf3 Nxe5 21. Qe3 Rcd8 22. Bd5 e6 23. Rbe1 exd5 24. Qxe5 Qxe5 25. Rxe5 dxc4 26. Rxc5 Rxd3 27. Rf2 c3 28. bxc3 bxc3 29. h4 Rfd8 30. Rc7 Rd2 31. Kg2 Rxf2+ 32. Kxf2 Rd2+ 33. Ke3 Rxa2 34. Rxc3 h5 35. Kf4 Kg7 36. Rc7 a5 37. Ra7 a4 38. Ra6 a3 39. Kf3 Ra1 40. Kg2 a2 41. Kh2 Kf8 42. Ra7 Ke8 43. Kg2 Kd8 44. Ra3 Ke7 45. Ra6 f5 46. Kh2 Kd7 47. Kg2 Kc7 48. Ra8 Kb6 49. Ra3 Kc5 50. Ra8 f4 51. gxf4 Kd4 52. Ra7 Ke4 53. Ra4+ Kf5 54. Kh2 Kg4 55. Kg2 Kf5 56. Kh2 Ke6 57. Ra5 Kd6 58. Kg2 Kc6 59. Kh2 Kb6 60. Ra8 Kc5 61. Kg2 Kd4 62. Ra3 Ke4 63. Ra4+ Ke3 64. Kh2 Rd1 65. Ra3+ Rd3 66. Ra4 Rd2+ 67. Kg3 Rc2 68. Ra3+ Kd2 69. f5 Rc3+ 0-1


[Site "https://www.chess.com"]

[Event "Titled Tuesday Blitz May 30 Late 2023"]
[White "Castaneda, Jhon David"]
[Black "Baidetskyi, Valentin"]
[WhiteFideId "4405048"]
[BlackFideId "14142317"]
[WhiteElo "2086"]
[BlackElo "2490"]
[Result "0-1"]
[Round "11"]
[TimeControl "180+2"]
[Date "2023.05.31"]
[WhiteClock "0:02:21"]
[BlackClock "0:01:49"]

1. d4 Nf6 2. Nf3 g6 3. c4 Bg7 4. Nc3 O-O 5. e4 d6 6. Be2 Na6 7. Be3 e5 8. O-O Qe7 9. d5 Ng4 10. Bg5 f6 11. Bh4 Nh6 12. Nd2 g5 13. Bg3 f5 14. exf5 Nxf5 15. Nde4 b6 16. a3 Nc5 17. b4 Nxe4 18. Nxe4 a5 19. Bg4 axb4 20. axb4 Rxa1 21. Qxa1 Nxg3 22. Bxc8 Nxe4 23. Be6+ Kh8 24. f3 Nd2 25. Rc1 Nb3 0-1


[Site "https://www.chess.com"]